 Dungeon Crawl Stone Soup version 0.27-a0-931-g5a74e75d8f (webtiles) character file.

Game seed: 18034563621881705883

8 Alarkh the Insei (level 2, 19/22 HPs)
             Began as a Demonspawn Gladiator on Apr 10, 2021.
             Got out of the dungeon alive.
             The game lasted 00:00:10 (118 turns).

Alarkh the Insei (Demonspawn Gladiator)              Turns: 118, Time: 00:00:10

Health: 19/22      AC:  4    Str: 14    XL:     2   Next: 0%
Magic:  2/2        EV: 12    Int:  9    God:
Gold:   11         SH:  0    Dex: 14    Spells: 1/1 levels left

rFire    . . .     SeeInvis .     - Unarmed
rCold    . . .     Faith    .   (no shield)
rNeg     . . .     Spirit   .   a - +0 leather armour
rPois    .         Reflect  .   b - +0 helmet
rElec    .         Harm     .   (no cloak)
rCorr    .         Rampage  .   (no gloves)
Will     .....                  (no boots)
Stlth    +.........             (no amulet)
HPRegen  0.07/turn              (no ring)
MPRegen  0.08/turn              (no ring)

@: no status effects
A: foul stench 1
a: no special abilities


You escaped.
You visited 1 branch of the dungeon, and saw 1 of its levels.

You collected 11 gold pieces.

Inventory:

Missiles
 c - 3 throwing nets (quivered)
Armour
 a - a +0 leather armour (worn)
 b - a +0 helmet (worn)


   Skills:
 + Level 2.2 Fighting
 - Level 1.7 Throwing
 - Level 2.6 Dodging
 * Level 3.1 Unarmed Combat


You had one spell level left.
You didn't know any spells.
Your spell library was empty.

Dungeon Overview and Level Annotations

Branches:
Dungeon (1/15)

Altars:


Innate Abilities, Weirdness & Mutations

You may rarely emit foul miasma when damaged in melee.


Message History

You hit the giant cockroach.
You kill the giant cockroach!
Your Unarmed Combat skill increases to level 3!
No target in view!
No target in view!
No target in view!
You now have 11 gold pieces.
A rat comes into view.
A rat is nearby!
A rat is nearby!
A bat and a rat come into view.
The bat closely misses you.
You barely miss the bat. The bat hits you.
You barely miss the rat. The bat barely misses you. The rat barely misses you.
You hit the rat but do no damage. The bat barely misses you.
The rat barely misses you.
You hit the rat.
You kill the rat!
The bat closely misses you. The rat barely misses you.
You barely miss the bat. The bat hits you but does no damage. The bat hits you.
The rat bites you but does no damage.
You hit the bat but do no damage. The bat misses you. The rat misses you.
You barely miss the bat. The bat closely misses you.
You closely miss the bat. The bat hits you but does no damage.
The bat closely misses you. The rat closely misses you.
You hit the bat.
You kill the bat!
The rat completely misses you.
You hit the rat but do no damage. The rat closely misses you.
You hit the rat.
You kill the rat!
You have reached level 2!
Your demonic ancestry asserts itself...
You begin to emit a foul stench of rot and decay.
Unknown command.
You see here a giant cockroach corpse.
HP restored.
There is a staircase leading out of the dungeon here.
Are you sure you want to leave the Dungeon?
This will make you lose the game!
You have escaped!

#..........#
##..........##
.............##
##.............
...........##.######
##......†..##.#....#
#.........##.#.##.#
#.........##.#..#.#
#########.##.#.@#.#
#.##.####.#
#.........#
#...####### #####


There were no monsters in sight!

Vanquished Creatures
  A giant cockroach (D:1)
  2 hobgoblins (D:1)
  2 bats (D:1)
  A frilled lizard (D:1)
  3 rats (D:1)
9 creatures vanquished.

Notes
Turn   | Place    | Note
-------+----------+-------------------------------------------
     0 | D:1      | Alarkh the Demonspawn Gladiator began the quest for the
                  | Orb.
     0 | D:1      | Reached XP level 1. HP: 16/16 MP: 1/1
    62 | D:1      | Reached skill level 3 in Unarmed Combat
    85 | D:1      | Gained mutation: You may rarely emit foul miasma when
                  | damaged in melee. [demonic ancestry]
    85 | D:1      | Reached XP level 2. HP: 16/22 MP: 2/2
   118 | D:$      | Got out of the dungeon alive.

Illustrated notes

Levels and vault maps discovered:
D:1:      zelgadis_glass_arrival_small, layout_rooms, nrook_mini_vaults,
          minmay_misc_feat_five

Skill      XL: |  1 |
---------------+----+-----
Unarmed Combat | 3 |  3.1
Fighting       | |  2.2
Throwing       | |  1.7
Dodging        | |  2.6

Action                   || total
-------------------------++-------
Melee: Unarmed           ||    38
       Punch             ||     1
Armor: Leather armour    ||    14
Dodge: Dodged            ||    27

Table legend: (Time is in decaauts)
 A = Elapsed time spent in this place.
 B = Non-inter-level travel time spent in this place.
 C = Inter-level travel time spent in this place.
 D = Time resting spent in this place.
 E = Time spent auto-exploring this place.
 F = Levels seen in this place.
 G = Mean time per level.
                   A        B        C        D        E       F      G
               +--------+--------+--------+--------+--------+-----+--------+
         Total |    115 |     83 |     32 |      0 |     30 |   1 |  115.0 |
       Dungeon |    115 |     83 |     32 |      0 |     30 |   1 |  115.0 |
               +--------+--------+--------+--------+--------+-----+--------+

Top non-repeatable levels by time:
     D:1: 115 daAuts
